Cogmind - Beta 16.1 @@@ ROGUE MODE // 2026.04.02 @ 22:48:47 Player: Thqwib-Linux Result: Destroyed by G-47 Trooper with Particle Gun Performance ------------- Evolutions (0) 0 Regions Visited (2) 400 Robots Destroyed (28) 140 Value Destroyed (635) 635 Prototype IDs (0) 0 Alien Tech Used (0) 0 Bonus (60) 60 TOTAL SCORE: 1235 Bonus ------- Follower Combat Kills 60 Cogmind --------- Core Integrity 0/250 Matter 290/300 Energy 160/160 System Corruption 0% Temperature Cool (22) Movement Treading (240) Ox1 Location -10/Mines Parts ------- > --- POWER (1) -------- Light Nuclear Core > --- PROPULSION (2) --- Light Treads > --- UTILITY (2) ------ Large Storage Unit Targeting Computer > --- WEAPON (2) ------- Light Assault Rifle Light Assault Rifle > --- INVENTORY (15) --- Ion Engine Hover Unit Heat Sink Improved Heat Sink Targeting Computer Light Armor Plating Thief Drone Bay Light Assault Rifle Grenade Launcher Peak State ------------ > --- POWER ------------ Light Nuclear Core > --- PROPULSION ------- Light Treads > --- UTILITY ---------- Large Storage Unit Targeting Computer > --- WEAPON ----------- Light Assault Rifle Light Assault Rifle > --- INVENTORY -------- Ion Engine Hover Unit Heat Sink Improved Heat Sink Targeting Computer Light Armor Plating Light Assault Rifle Grenade Launcher [Rating: 9] Favorites ----------- Power Ion Engine Engine Ion Engine Power Core Light Nuclear Core Propulsion Light Treads Treads Light Treads Leg Aluminum Leg Utility Large Storage Unit Device Heat Sink Storage Large Storage Unit Processor Targeting Computer Weapon Light Assault Rifle Energy Gun Small Laser Ballistic Gun Light Assault Rifle Launcher Grenade Launcher Build | -11 -10 -10 ------- Run | Yrd Mat Min Slots Evolved . | . . . Power . | . . . Propulsion . | . . . Utility . | . . . Weapon . | . . . Parts Attached 13 | 2 6 5 Power 3 | . 1 2 Engine 2 | . 1 1 Core 1 | . . 1 Reactor . | . . . Propulsion 3 | 2 . 1 Treads 3 | 2 . 1 Leg . | . . . Wheel . | . . . Hover . | . . . Flight . | . . . Utility 3 | . 3 . Device 1 | . 1 . Storage 1 | . 1 . Processor 1 | . 1 . Hackware . | . . . Protection . | . . . Artifact . | . . . Weapon 4 | . 2 2 Energy Gun . | . . . Energy Cannon . | . . . Ballistic Gun 3 | . 1 2 Ballistic Cannon . | . . . Launcher 1 | . 1 . Special Weapon . | . . . Impact Weapon . | . . . Slashing Weapon . | . . . Piercing Weapon . | . . . Special Melee Weapon . | . . . Unidentified Prototypes . | . . . Parts Lost 5 | . 1 4 Power 2 | . 1 1 Propulsion 2 | . . 2 Utility . | . . . Weapon 1 | . . 1 Highest Loss Streak 4 | . 1 4 To Critical Strikes . | . . . Average Backups 6 | 3 6 8 Power . | 1 . . Propulsion 1 | 2 1 1 Utility 2 | . 1 4 Weapon 2 | . 2 2 Tool/Special . | . . . Unused Backups 11 | . 5 6 Power 1 | . 1 . Propulsion 2 | . 1 1 Utility 5 | . 1 4 Weapon 3 | . 2 1 Tool/Special . | . . . Average Slot Usage (%) 90 | . 92 87 Engine 10 | . 14 3 Core 3 | . . 10 Treads 24 | . 27 16 Device 1 | . 1 . Storage 14 | . 14 14 Processor 7 | . 5 14 Energy Gun 9 | . 13 . Ballistic Gun 18 | . 14 27 Peak Build Rating 9 | 6 8 9 Average Rating 7 | 6 6 8 On Entrance 6 | 6 6 7 Avg Prop Armor Cover (%) . | . . . Naked Turns . | . . . Heaviest Build 30 | 10 30 30 Greatest Support 40 | 40 40 40 Greatest Overweight (x) 1 | . . 1 Average Overweight (x) . | . . . Largest Inventory Capacity 15 | 8 15 15 Average Capacity 12 | 8 11 15 Most Carried 10 | 6 10 9 Average Carried 7 | 3 6 8 Final Capacity 15 | 8 15 15 Final Carried 9 | 1 9 9 Class Distribution -------------------- 100% | Mutant Dominant Class ---------------- Mutant | -10/Materials Mutant | -10/Mines Resources | -11 -10 -10 ----------- Run | Yrd Mat Min Matter Collected 507 | 200 227 80 Remotely . | . . . Salvage Created 892 | . 767 125 Parts 57 | . 47 10 Haulers Intercepted 2 | . 2 . Recyclers Shooed . | . . . Parts Field Recycled . | . . . Retrieved Matter . | . . . Parts Self-Destructed . | . . . Prevented . | . . . Parts Restored . | . . . Kills | -11 -10 -10 ------- Run | Yrd Mat Min Combat Hostiles Destroyed 22 | . 18 4 Guns 22 | . 18 4 Classes Destroyed 6 | . 6 . Worker 1 | . 1 . Hauler 2 | . 2 . Operator 2 | . 2 . Watcher 1 | . 1 . Swarmer 8 | . 6 2 Grunt 14 | . 12 2 Best Kill Streak 6 | . 6 2 Combat Bots Only 4 | . 4 2 Max Kills in Single Turn 2 | . 2 1 Gunslinging . | . . . Exploded . | . . . Melee . | . . . Uniques/NPCs Destroyed . | . . . Combat | -11 -10 -10 -------- Run | Yrd Mat Min Hostile Shots Fired 129 | . 92 37 Missed 28 | . 23 5 Hits 101 | . 69 32 Projectile 101 | . 69 32 Critical Strikes 2 | . . 2 Damage Taken 1177 | . 756 421 Core 252 | . 141 111 Absorbed by Shields . | . . . Regen/Repaired (Parts) 116 | . 116 . Core Remaining (%) 100 | 100 . . Volleys Fired 95 | . 76 19 Largest 2 | . 2 2 Hottest 60 | . 60 40 Shots Fired 187 | . 149 38 Gun 186 | . 148 38 Cannon . | . . . Launcher 1 | . 1 . Special . | . . . Kinetic 113 | . 75 38 Thermal 73 | . 73 . Explosive 1 | . 1 . Electromagnetic . | . . . Robot Hit Streak 13 | . 13 8 Robot Miss Streak 4 | . 4 2 Penetration Max . | . . . Secondary Targets 3 | . 3 . Max Gunslinging Chain 1 | . 1 . Shots Hit Robots 126 | . 100 26 Core Hits 54 | . 45 9 Critical Kills . | . . . Critical Parts Destroyed . | . . . Critical Strikes . | . . . Melee Attacks . | . . . Impact . | . . . Slashing . | . . . Piercing . | . . . Sneak Attacks . | . . . Combat Hostiles . | . . . Follow-up Attacks . | . . . Damage Inflicted 1335 | . 1113 222 Guns 1310 | . 1094 216 Cannons . | . . . Explosions . | . . . Melee . | . . . Ramming 25 | . 19 6 Kinetic 725 | . 509 216 Thermal 585 | . 585 . Explosive . | . . . Electromagnetic . | . . . Impact . | . . . Slashing . | . . . Piercing . | . . . Highest Corruption . | . . . Average Corruption . | . . . Corruption Purged . | . . . Corruption Blocked . | . . . Overload Shots . | . . . Overflow Damage . | . . . Projectiles . | . . . Explosions . | . . . Melee . | . . . Knockbacks . | . . . Impact . | . . . Kinetic . | . . . Secondary . | . . . Self-Inflicted Damage 8 | . 8 . Shots 1 | . 1 . Rammed 4 | . 3 1 Targets Rammed 4 | . 3 1 Kicked . | . . . Crushed . | . . . Highest Temperature 64 | . 64 64 Average Temperature 21 | . 19 27 Received Heat Transfer 582 | . 327 255 Siege Activations . | . . . Martial Activations . | . . . Shielding Activations . | . . . Robots Disrupted . | . . . Combat Hostiles . | . . . Robots Corrupted . | . . . Combat Hostiles . | . . . Parts Fried . | . . . Impact Corruptions . | . . . Robots Melted . | . . . Combat Hostiles . | . . . Parts Melted 1 | . 1 . Heat Transferred 1350 | . 1350 . Parts Sabotaged . | . . . Parts Stolen . | . . . Parts Stripped . | . . . Power Chain Reactions . | . . . Alert | -11 -10 -10 ------- Run | Yrd Mat Min Maximum Alert Level . | . . . Low Security (%) 100 | 100 100 100 Level 1 . | . . . Level 2 . | . . . Level 3 . | . . . Level 4 . | . . . Level 5 . | . . . High Security . | . . . Max Security . | . . . Peak Influence 180 | . 180 60 Initial 39 | . . 39 Average 63 | . 85 13 Influence Increases 671 | . 503 168 Destroy 0b10 Robot/C 480 | . 360 120 Destroy 0b10 Robot/NC 30 | . 30 . Destroy Leader 116 | . 86 30 Allied During Kill 3 | . . 3 Successful Hack 4 | . 4 . Destroy Structure 8 | . 8 . Partial Spotted 15 | . 15 . Lose Combat Pursuer 15 | . . 15 Influence Decreases 613 | . 403 210 Entered New Map 61 | . . 61 Time Decay 503 | . 393 110 Lost Part 29 | . 10 19 Lost Ally 20 | . . 20 Squads Dispatched 5 | . 5 . Investigation 2 | . 2 . Extermination . | . . . Reinforcement 3 | . 3 . Assault . | . . . Garrison . | . . . Intercept . | . . . Searches Triggered . | . . . Construction Impeded . | . . . Haulers Reinforced . | . . . Active Scanning Responses . | . . . Cargo Convoy Interrupts . | . . . Stealth | -11 -10 -10 --------- Run | Yrd Mat Min Distress Signals 1 | . 1 . Communications Jammed . | . . . Distress Signals . | . . . Times Spotted 35 | . 26 9 Peak Tracking Total 5 | . 4 5 Tactical Retreats 1 | . . 1 Traps | -11 -10 -10 ------- Run | Yrd Mat Min Traps Triggered 2 | . 2 . Indirectly . | . . . Trap Hack Attempts . | . . . Triggered . | . . . Disarmed . | . . . Reprogrammed . | . . . Reused . | . . . Traps Extracted . | . . . Installed . | . . . Triggered . | . . . Machines | -11 -10 -10 ---------- Run | Yrd Mat Min Machines Disabled . | . . . Max in Single Turn . | . . . Machines Repaired . | . . . Machines Dismantled . | . . . Machines Sabotaged . | . . . Overloaded Fab Kills . | . . . Hacking | -11 -10 -10 --------- Run | Yrd Mat Min Machines Accessed 7 | . 5 2 Terminals 5 | . 4 1 Fabricators . | . . . Repair Stations 1 | . 1 . Recycling Units . | . . . Scanalyzers . | . . . Garrison Access . | . . . Total Hacks 12 | . 10 2 Successful 9 | . 7 2 Failed 3 | . 3 . Catastrophic 1 | . 1 . Database Lockouts . | . . . Manual 5 | . 5 . Terminals 9 | . 8 1 Fabricators . | . . . Repair Stations 2 | . 2 . Recycling Units . | . . . Scanalyzers . | . . . Garrison Access . | . . . Terminal Hacks 4 | . 2 2 Open Door 1 | . . 1 Alert Level 1 | . 1 . Zone Layout 2 | . 1 1 Fabricator Hacks . | . . . Repair Station Hacks 2 | . 2 . Scan Component 1 | . 1 . Repair 1 | . 1 . Recycling Unit Hacks . | . . . Scanalyzer . | . . . Garrison Access Hacks . | . . . Unauthorized Hacks 3 | . 3 . Terminals 3 | . 3 . Botnet 3 | . 3 . Fabricators . | . . . Repair Stations . | . . . Recycling Units . | . . . Scanalyzers . | . . . Garrison Access . | . . . Data Cores Recovered . | . . . Used . | . . . Hacking Detections 5 | . 5 . Full Trace Events . | . . . Feedback Events . | . . . Feedback Blocked . | . . . Robot Schematics Acquired . | . . . Robots Built . | . . . Authchips . | . . . Time . | . . . Total Robot Build Rating . | . . . Part Schematics Acquired . | . . . Parts Built . | . . . Authchips . | . . . Time . | . . . Total Part Build Rating . | . . . Part Studies Acquired . | . . . Parts Repaired 1 | . 1 . Time 26 | . 26 . Parts Recycled . | . . . Recycled Matter . | . . . Retrieved Matter . | . . . Retrieved Components . | . . . Parts Scanalyzed . | . . . Part Schematics Acquired . | . . . Parts Damaged . | . . . Bothacking | -11 -10 -10 ------------ Run | Yrd Mat Min Used RIF Installer . | . . . Robots Hacked . | . . . Non-combat . | . . . Combat . | . . . Robot Hacks Applied . | . . . Relay Couplers Released . | . . . Fabnet Peak Effective % . | . . . Robots Rewired . | . . . Allies Hacked . | . . . Hacks Repelled . | . . . Allies | -11 -10 -10 -------- Run | Yrd Mat Min Total Allies 3 | . . 3 Largest Group 3 | . . 3 Highest-Rated Group 40 | . . 40 Highest-Rated Ally 16 | . . 16 Total Orders . | . . . Ally Attacks 16 | . . 16 Total Damage 149 | . . 149 Kills 2 | . . 2 Allies Corrupted . | . . . Allies Melted 1 | . . 1 Intel | -11 -10 -10 ------- Run | Yrd Mat Min Active Infowar (turns) . | . . . Robot Analysis Total . | . . . Derelict Logs Recovered 1 | . . 1 Drone Launches . | . . . Drone Recoveries . | . . . Exploration | -11 -10 -10 ------------- Run | Yrd Mat Min Turns Passed 1884 | 13 1320 551 Spaces Moved 856 | 6 646 204 Core . | . . . Treads 853 | 3 646 204 Legs 3 | 3 . . Wheels . | . . . Hover . | . . . Flight . | . . . Fastest Speed 120 | 120 160 160 Average Speed 175 | 140 160 225 Slowest Speed 240 | 160 160 240 Overloaded Moves . | . . . Propulsion Burnouts . | . . . Robots Hopped . | . . . Potential Cave-ins . | . . . Cave-ins Triggered . | . . . Exploration Rate (%) 45 | 2 89 45 Regions Visited 2 Branch Regions 1 Pre-discovered Areas . | . . . Known Exits Taken . | . . . Unknown Exits Taken 2 | 1 1 . Scrap Searched . | . . . Spaces Dug 6 | . 6 . Terrain Destroyed 6 | . 6 . Melee . | . . . Projectile . | . . . AOE 6 | . 6 . Terrain Rammed . | . . . Walls Destroyed . | . . . Machines Disabled . | . . . Actions | -11 -10 -10 --------- Run | Yrd Mat Min Total 1066 | 12 791 263 Wait 73 | . 43 30 Move 854 | 5 645 204 Hop . | . . . Pick Up 14 | . 11 3 Fast Attach 3 | . 3 . Attach 5 | . 2 3 Detach 2 | . 2 . Swap 6 | 2 2 2 Drop 10 | 5 4 1 Fire 95 | . 76 19 Melee . | . . . Ram . | . . . Kick . | . . . Crush 4 | . 3 1 Escape Stasis . | . . . Rewire . | . . . Trap . | . . . Miscellaneous . | . . . Route ------- -11/Scrapyard -10/Materials (discovered 5 exits: [*Mat x3] / *Min x2) -10/Mines (discovered 1 exit: [*Sub]) History --------- Turn | Location | Event 1 | -11/Scrapyard | Discovered new exit (range 3) 14 | -11/Scrapyard | Entered Materials 40 | -10/Materials | Discovered new exit (range 16) 233 | -10/Materials | Discovered new exit (range 13) 316 | -10/Materials | Build established: Mutant 598 | -10/Materials | Repaired Lgt. Treads 802 | -10/Materials | Core integrity fell below 50% 910 | -10/Materials | Discovered new exit (range 8) 1068 | -10/Materials | Discovered new exit (range 4) 1166 | -10/Materials | Discovered new exit (range 12) 1334 | -10/Materials | Entered Mines 1335 | -10/Mines | Met a Derelict bent on vengeance 1426 | -10/Mines | Core integrity fell below 20% 1468 | -10/Mines | Lost 4 parts (1p2n1w) 1539 | -10/Mines | Assisted by bots powering up and referring to "LRC-V3" 1653 | -10/Mines | Found the Drone Emporium 1666 | -10/Mines | Found Prototype Device 1805 | -10/Mines | Discovered new exit (range 6) 1885 | -10/Mines | Destroyed by G-47 Trooper with Particle Gun Last Messages --------------- 01767_ Trooper 1b suffers critical hit (Burn). 01768_ Trooper 1b heat spikes uncontrollably. 01769_ Trooper 1b heat damages Particle Gun. 01769_ Trooper 1b critical meltdown. 01791_ Acquired 10 matter. 01799_ T-07 Excavator is excavating. 01801_ U-05 Engineer builds a Wall. 01805_ EXIT=FOUND 01805_ U-05 Engineer lays Concrete. 01806_ U-05 Engineer builds a Wall. 01818_ U-05 Engineer builds a Door. 01843_ Slammed into K-01 Serf. 01853_ Trooper 1a destroyed. 01856_ KI-WMU(g): "I WILL HAVE VENGEANCE!" 01871_ S-10 Pest suffers critical hit (Burn). 01871_ S-10 Pest destroyed. 01875_ KI-WMU(g) destroyed. 01875_ R-06 Scavenger collects Beamcaster. 01877_ S-10 Pest destroyed. 01878_ R-06 Scavenger collects Imp. Heat Sink. Map ----- +----------------------------------------------------+ | ??????????## ##????????????????????????????????? | | ??????????## ##????????????????????????????????? | | ??????????# ####?????????????????????????????? | | ?????????## ######????????????????????????? | | ??######## ?????????????????????? | | ?##""## ?????????????????????? | | ?#" #X #######??????????????????????? | | ?#" #???????????????????????? | | ?#" ## #???????????????????????? | | ?#" # #### ##### #???????????????????????? | | ?##""## ### ##????? ???????????????????????? | | ??#### ##???????????????????????????????? | | ????# ##????????????????????????????????? | | ????### ##???# ???????????????????????????? | | ??????## ##????# ???????????????????????????? | | ??????## ##????## ???????????????????????????? | | ????### ##?##### ???????????????????????????? | | ???## ##?? ???????????????????????????? | | ???# #??? #?# ???????????????????????????? | | ???# #### #?# #??????????????????????????? | | ???## #??# ##????????????????????????? | | ????## #???# #????????????????????????? | | ?????## ### ##????# ##???????????????????????? | | ??????#####?# ####### ##??????????????????????? | | ????????????# t = #?############?????????? | | ???########## ####### % =@## #???????? | | ???# #?????# *%gg #???????? | | ???# ##########?????## ### """ """ ""??????????? | | ???# ##??????????????#u###?? """ ""??????????????? | | ??## ################r#?????""" "???????????????? | | ??# =%%[% %!#????? ???????????????? | | ??# #### #########%#??????# ##???????????????? | | ??# #??# #???????#*#??????? #????????????????? | | ?# #?# #??????? = ????????#????????????????? | | ?# #?# #???????# ????????????????????????? | | ?# #?#++#???????## ???????????????????????? | | ?# #? #????????# ???????????????????????? | | ?## ##? #????????? #??????????????????????? | | ??######?# #????????? #??????????????????????? | | ?????????< #????????? #??????????????????????? | | ?????????# #??????????##??????????????????????? | | ?????????######??????????????????????????????????? | | ?????????????????????????????????????????????????? | | ?????????????????????????????????????????????????? | | ?????????????????????????????????????????????????? | | ?????????????????????????????????????????????????? | | ?????????????????????????????????????????????????? | | | | | | | +----------------------------------------------------+ Best States ------------- Heat Dissipation 35 Energy Generation 14 Energy Capacity 250 Matter Stores 300 Matter Capacity 300 Sight Range 16 Terrain Scan Density 10 Evasion (%) 40 Targeting Accuracy 5 Recoil Reduction 2 Item Schematics ----------------- None Robot Schematics ------------------ None Fabricated ------------ Nothing Repaired ---------- Lgt. Treads | 17% | -10/Materials Studied --------- None Alien Tech Used ----------------- None Achievements -------------- None Challenges ------------ None Game ------ Seed AntimatterMyomerBuckler Manual? 0 Play Time 00:13:18 Cumulative 87.2 hours Start 2026.03.31 @ 21:29:03 End 2026.04.02 @ 22:48:47 Sessions 3 Manual Loads 0 Difficulty Rogue Special Mode None Game No. 79 Rogue 79 Adventurer 0 Explorer 0 Win Type - Total 4 Types 2/0/1/1/0/0/0/0/0/0 Lore% 53 Gallery% 44 Achievement% 40 Wizard Run 0 Options --------- Layout 0 ASCII 0 Keyboard 1 Movement Arrows Keybinds 0 Fullscreen 2 Font 18/X11Bold Map View 76x50 Zoom Use 0% Tactical HUD 1 Map Filters NONE Filters NONE Steam 1 RUN: ef72efc6-c393-4860-81c8-245eb2614e86